 Dungeon Crawl Stone Soup version 0.25-a0-50-gf0389da217 (webtiles) character file.

Game seed: 5244766045443262261, levelgen mode: deterministic

56 Gynju the Firebug (level 3, 0/19 HPs)
             Began as a Deep Elf Fire Elementalist on Oct 24, 2019.
             Slain by a worm (5 damage)
             ... on level 2 of the Dungeon.
             The game lasted 00:00:57 (1729 turns).

Gynju the Firebug (Deep Elf Fire Elementalist)      Turns: 1729, Time: 00:00:58

Health: 0/19       AC:  2    Str:  5    XL:     3   Next: 71%
Magic:  0/10       EV: 13    Int: 20    God:
Gold:   82         SH:  0    Dex: 15    Spells: 8/9 levels left

rFire    . . .     SeeInvis .   (no weapon)
rCold    . . .     Gourm    .   (no shield)
rNeg     . . .     Faith    .   a - +0 robe
rPois    .         Spirit   .   (no helmet)
rElec    .         Reflect  .   (no cloak)
rCorr    .         Harm     .   (no gloves)
MR       .....                  (no boots)
Stlth    ++........             (no amulet)
HPRegen  0.06/turn              (no ring)
MPRegen  0.12/turn              (no ring)

@: no status effects
A: no striking features
a: no special abilities


You were on level 2 of the Dungeon.
You were not hungry.

You visited 1 branch of the dungeon, and saw 2 of its levels.

You collected 82 gold pieces.

Inventory:

Armour
 a - a +0 robe (worn)
Jewellery
 b - a cursed amulet of inaccuracy {unknown}
Scrolls
 e - 2 scrolls of enchant armour {unknown}
 f - a scroll of magic mapping {unknown}
Potions
 d - a potion of mutation {unknown}
 h - a potion of lignification {unknown}
Comestibles
 c - 3 rations
 g - 2 chunks of flesh


   Skills:
 + Level 3.3 Dodging
 - Level 2.4 Stealth
 + Level 3.8 Spellcasting
 + Level 2.1 Conjurations
 + Level 3.8 Fire Magic


You had 8 spell levels left.
You knew the following spells:

 Your Spells              Type           Power        Failure   Level  Hunger
a - Flame Tongue          Conj/Fire      ###..        3%          1    None

Your spell library contained the following spells:

 Spells                   Type           Power        Failure   Level  Hunger
 Throw Flame              Conj/Fire      ###...       6%          2    ##.....
 Conjure Flame            Conj/Fire      ###.....     12%         3    ###....
 Inner Flame              Hex/Fire       ##......     19%         3    ###....
 Sticky Flame             Conj/Fire      ###.....     36%         4    ####...
 Fireball                 Conj/Fire      ###.......   71%         5    ######.


Dungeon Overview and Level Annotations

Branches:
Dungeon (2/15)

Altars:
Makhleb


Message History

The goblin shouts!
Casting: Flame Tongue (safe; 3% risk of failure)
Confirm with . or Enter, or press ? or * to list all spells.
You don't have enough magic to cast that spell.
Casting: Flame Tongue (safe; 3% risk of failure)
Confirm with . or Enter, or press ? or * to list all spells.
You don't have enough magic to cast that spell.
There are monsters nearby!
There are monsters nearby!
You hit the worm but do no damage.
The worm is almost dead.
You completely miss the worm.
The worm is almost dead.
The worm bites you.
A hobgoblin comes into view. It is wielding a +0 club.
The worm bites you. The goblin hits you.
* * * LOW HITPOINT WARNING * * *
The worm bites you.
You die...

##########†####.#####
#..........#
##.........#
#####.....).!.#
#......†_...###
#.##........#
...........#
##.###...?.# #.
#...w@# # #.....#
+.......g.?....
###............
#..#.#.......
#....#.......
......#...g...
#.....> .......
######. .......


You could see a worm, a hobgoblin (wandering) and a goblin.

Vanquished Creatures
  2 adders (D:2)
  A worm (D:2)
  3 dart slugs
  2 bats
  3 giant cockroaches
  A goblin (D:2)
  2 hobgoblins
  3 jackals (D:2)
  5 kobolds
  A ball python (D:1)
  2 frilled lizards (D:2)
  4 rats
29 creatures vanquished.

Notes
Turn   | Place    | Note
-------+----------+-------------------------------------------
     0 | D:1      | Gynju the Deep Elf Fire Elementalist began the quest for
                  | the Orb.
     0 | D:1      | Reached XP level 1. HP: 10/10 MP: 6/6
   360 | D:1      | Reached XP level 2. HP: 5/15 MP: 4/8
  1241 | D:2      | Reached XP level 3. HP: 17/19 MP: 1/10
  1668 | D:2      | Found a burning altar of Makhleb.
  1729 | D:2      | Slain by a worm

Levels and vault maps discovered:
D:1:      enne_arrival_octagon_isle, layout_basic
D:2:      layout_basic, lemuel_doored_altar, overflow_temple_1_default

Skill      XL: |  1  2  3 |
---------------+----------+-----
Dodging        | 3 |  3.3
Conjurations   | 2 |  2.1
Stealth        | |  2.4
Spellcasting   | |  3.8
Fire Magic     | |  3.8

Action                   || total
-------------------------++-------
Melee: Unarmed           ||    15
 Cast: Flame Tongue      ||    60
  Eat: Chunk             ||     2
Armor: Robe              ||     9
Dodge: Dodged            ||    39

Table legend:
 A = Non-vault XP
 B = Vault XP
 C = Vault XP percentage of total XP
 D = Non-vault monster count
 E = Vault monster count
 F = Vault count percentage of total count
                 A         B        C        D         E       F
            +---------+---------+-------+---------+---------+-------
      Total |      81 |       0 |   0.0 |      29 |       0 |   0.0
            +---------+---------+-------+---------+---------+-------
        D:1 |      25 |       0 |   0.0 |      12 |       0 |   0.0
        D:2 |      56 |       0 |   0.0 |      17 |       0 |   0.0
            +---------+---------+-------+---------+---------+-------
